 Dungeon Sprint DCSS version 0.31-a0-819-gf6de2f5ab6 (webtiles) character file.

Game seed: 11847789201158466917

26 sircluck the Ducker (level 2, -1/13 HPs)
             Began as a Felid Shapeshifter on Sept 23, 2023.
             Was an Initiate of Trog.
             Slain by a draconian
             ... wielding a +0 trident
              (14 damage)
             ... in the Dungeon (Sprint V: "Ziggurat Sprint").
             The game lasted 00:01:19 (135 turns).

sircluck the Ducker (Felid Shapeshifter)             Turns: 135, Time: 00:01:19

Health: -1/13      AC:  1    Str: 16    XL:     2   Next: 89%
Magic:  3/3        EV: 20    Int: 11    God:    Trog [......]
Gold:   0          SH:  0    Dex: 21    Spells: 1/1 levels left
                                        Lives:  0   Deaths: 1

rFire   . .          .
                       - Unarmed
rCold   . . .        (shield unavailable)
rNeg    . . .        (body armour unavailable)
rPois   .            (helmet unavailable)
rElec   .            (cloak unavailable)
rCorr   .            (gloves unavailable)
SInv    +            (boots unavailable)
Will    .....        (no amulet)
Stlth   ++           w - +6 ring of dexterity
HPRegen 0.22/turn    B - +6 ring of strength
MPRegen 0.08/turn

%: no teleportation
@: beast-form, quick
A: beast (slay +2), very small, claws 1, fangs 3, see invisible, speed 1, shaggy
fur 1, stealthy paws, no weapons or thrown items, no armour, multi-lived
a: Begin Untransformation, Renounce Religion


You were in the Dungeon.
You worshipped Trog.
Trog was noncommittal.
You were a hulking beast.
You visited 1 branch

Inventory:

Jewellery
 v - a ring of flight
 w - a +6 ring of dexterity (left paw)
 x - a +6 ring of dexterity
 y - a +6 ring of intelligence
 z - a +6 ring of intelligence
 A - a +6 ring of strength
 B - a +6 ring of strength (right paw)
Talismans
 b - a beast talisman (active)
 c - a flux talisman
 C - a blade talisman
 D - a maw talisman
 E - a serpent talisman
Wands
 s - a wand of mindburst (15)
 t - a wand of iceblast (7)
 u - a wand of acid (8)
Scrolls
 i - 4 scrolls of blinking
 o - 4 scrolls of amnesia
 p - 7 scrolls of fog
 q - 5 scrolls of identify
 r - 2 scrolls of fear
Potions
 a - a potion of lignification
 d - 10 potions of curing
 e - 10 potions of heal wounds
 f - 6 potions of haste
 g - 7 potions of magic
 h - 3 potions of berserk rage
 j - 2 potions of brilliance
 k - 2 potions of invisibility
 l - 4 potions of resistance
 m - a potion of experience
 n - 5 potions of might


   Skills:
 + Level 2.9 Fighting
 + Level 4.6 Dodging
 + Level 4.1 Unarmed Combat
 + Level 4.3 Shapeshifting


You had one spell level left.
You didn't know any spells.
Your spell library was empty.

Dungeon Overview and Level Annotations

Branches:
Dungeon (1/1)

Altars:
Ashenzari
Cheibriados
Dithmenos
Elyvilon
Fedhas
Gozag
Hepliaklqana
Kikubaaqudgha
Makhleb
Nemelex Xobeh
Okawaru
Qazlal
Ru
Sif Muna
Trog
Uskayaw
Vehumet
Wu Jian
Xom
Yredelemnul
Zin
The Shining One
Jiyva
Lugonu

Annotations:
D 1 transporter


Innate Abilities, Weirdness & Mutations

You are a hulking beast.
Your limbs bulge with bestial killing power. (Slay +2)
You have sharp claws.
You have razor-sharp teeth.
You have supernaturally acute eyesight. (SInv)
You cover ground quickly. (Speed+)
You are covered in fur. (AC +1)
Your paws help you pounce on unaware monsters.
You are incapable of wielding weapons or throwing items.
You cannot wear armour.
You gain extra lives every three experience levels.


Message History

Your Dodging skill increases to level 4!
Your Unarmed Combat skill increases to level 4!
Your Shapeshifting skill increases to level 4!
You have reached level 2!
Unknown command.
s - a wand of mindburst (15) (gained 8 charges)
u - a wand of acid (8) (gained 1 charge)
There is a transporter here.
Welcome to arena 2.
You enter the transporter and appear at another place. 3 draconians come into view.
The draconian roars! x2
Found three items.
Found a transporter.
Okay, then.
The draconian closely misses you.
The draconian hits you with a +0 falchion!
Ouch! That really hurt!
* * * LOW HITPOINT WARNING * * *
You scratch the draconian.
The draconian is lightly wounded.
You claw the draconian!
The draconian is lightly wounded.
The draconian misses you. The draconian barely misses you.
You barely miss the draconian.
The draconian is lightly wounded.
The draconian hits you with a +0 falchion!
Ouch! That really hurt!
You die...
Your shape twists and changes as you die.
The draconian hits you with a +0 trident.
You rejoin the land of the living...
Unknown command.
Unknown command.
There is a transporter landing site here.
There is a transporter here.
You enter the transporter and appear at another place.
The draconian roars!
The draconian hits you from afar with a +0 trident!
Ouch! That really hurt!
You die...

▓▓▓▓▓▓▓▓▓▓▓▓▓
▓.8©8.▓.8©8.▓
▓.::".▓.....▓
▓.....▓.....▓
▓.....▓.....▓
▓..d.d▓.....▓
▓.....▓..©..▓
▓..hd.▓▓▓▓▓▓▓
▓▓▓▓▓▓▓


You could see 3 draconians.

Vanquished Creatures
  An iguana (D)
  A jackal (D)
2 creatures vanquished.

Notes
Turn   | Place    | Note
-------+----------+-------------------------------------------
     0 | D        | sircluck the Felid Shapeshifter began the quest for the
                  | Orb.
     0 | D        | Reached XP level 1. HP: 9/9 MP: 2/2
     0 | D        | Found a shimmering blue altar of Sif Muna.
     0 | D        | Found a bloodstained altar of Trog.
     0 | D        | Found a sacrificial altar of Ru.
     0 | D        | Found a stormy altar of Qazlal.
     0 | D        | Found an iron altar of Okawaru.
     1 | D        | Found a sparkling altar of Nemelex Xobeh.
     1 | D        | Found a blossoming altar of Fedhas.
     1 | D        | Found the +6 Majin-Bo {spellvamp, MP+6 Int+6}
     1 | D        | Found the +27 heavy crossbow "Sniper" {heavy, Acc+∞ SInv}
     1 | D        | Found the +10 dark maul {heavy}
     1 | D        | Found the +15 Maxwell's patent armour {-Cast -Tele rElec
                  | Will+ rCorr}
     1 | D        | Found the +18 shield of the Gong {Loud rN+ Will+ rCorr
                  | EV-5}
     1 | D        | Found the +16 obsidian axe {drain, demonic, Mesm Drain Fly
                  | SInv}
     1 | D        | Found the +7 great mace "Firestarter" {flame, immolate,
                  | rFlCloud rF++}
     1 | D        | Found the +6 shillelagh "Devastator" {shatter}
     1 | D        | Found the +11 plutonium sword {Contam Stlth-}
     1 | D        | Found the +8 lance "Wyrmbane" {slay drac, rPois rF+ rC+
                  | AC+3}
     1 | D        | Found the +9 sword of Zonguldrok {reap}
     1 | D        | Found the +13 scythe of Curses {drain, curses, Drain}
     1 | D        | Found the +9 sword of Power {lifebolt}
     1 | D        | Found the +7 mace of Variability {chaos, chaos arc}
     1 | D        | Found the +11 Singing Sword {sonic wave}
     1 | D        | Found the +8 storm bow {elec, penet}
     3 | D        | Found a transporter.
     3 | D        | Found an ancient bone altar of Kikubaaqudgha.
     3 | D        | Found a viscous altar of Jiyva.
     3 | D        | Found a corrupted altar of Lugonu.
     3 | D        | Found a hazy altar of Hepliaklqana.
     3 | D        | Found a burning altar of Makhleb.
     3 | D        | Found an opulent altar of Gozag.
    14 | D        | Banished a spatial maelstrom
    81 | D        | Became a worshipper of Trog the Wrathful
   100 | D        | Entered arena 2.
   100 | D        | Noticed an iguana
   100 | D        | Found a transporter.
   109 | D        | Killed an iguana
   110 | D        | Reached XP level 2. HP: 13/13 MP: 3/3
   123 | D        | Entered arena 3.
   123 | D        | Noticed a draconian
   123 | D        | Noticed a draconian
   123 | D        | Noticed a draconian
   123 | D        | Found a transporter.
   128 | D        | Mangled by a draconian
   135 | D        | Slain by a draconian

Illustrated notes

Levels and vault maps discovered:
D:        sprint_v [room_start, room_1, room_2, room_3, room_4, room_5, room_6,
          room_7, room_8, room_9, room_10, room_11, room_12, room_13, room_14,
          room_15, room_16, room_17, room_18, room_19, room_20, room_21,
          room_22, room_23, room_24, room_25, room_26, room_27]

Skill      XL: |  1 |
---------------+----+-----
Dodging        | 4 |  4.6
Fighting       | 2 |  2.9
Unarmed Combat | 4 |  4.1
Shapeshifting  | 4 |  4.3

Action                     || total
---------------------------++-------
  Melee: Unarmed           ||    12
 Armour: Skin              ||     4
  Dodge: Dodged            ||    10

Table legend: (Time is in decaauts)
 A = Elapsed time spent in this place.
 B = Non-inter-level travel time spent in this place.
 C = Inter-level travel time spent in this place.
 D = Time resting spent in this place.
 E = Time spent auto-exploring this place.
 F = Levels seen in this place.
 G = Mean time per level.
                   A        B        C        D        E       F      G
               +--------+--------+--------+--------+--------+-----+--------+
         Total |    111 |    111 |      0 |      0 |      0 |   1 |  111.0 |
       Dungeon |    111 |    111 |      0 |      0 |      0 |   1 |  111.0 |
               +--------+--------+--------+--------+--------+-----+--------+

Top non-repeatable levels by time:
       D: 111 daAuts
